 Dungeon Crawl Stone Soup version 0.23.2-1-ga50397a (webtiles) character file.

Game seed: 17042121755419623829

24119 beigtais the Cleaver (level 12, -5/91 HPs)
             Began as a Demonspawn Fighter on Apr 11, 2019.
             Was a High Priest of Kikubaaqudgha.
             Killed from afar by a smoke demon (15 damage)
             ... with a ball of steam
             ... summoned by an orc sorcerer
             ... on level 2 of the Orcish Mines on Apr 16, 2019.
             The game lasted 02:57:00 (21315 turns).

beigtais the Cleaver (Demonspawn Fighter)          Turns: 21315, Time: 02:57:01

Health: -5/91      AC: 14    Str: 16    XL:     12   Next: 77%
Magic:  0/20       EV: 14    Int: 11    God:    Kikubaaqudgha [*****.]
Gold:   1045       SH: 16    Dex: 17    Spells: 19/21 levels left

rFire    . . .     SeeInvis +   F - +2 hand axe (venom)
rCold    . . .     Gourm    .   c - +1 shield
rNeg     . . .     Faith    .   x - +2 chain mail {MR+}
rPois    .         Spirit   +   (helmet unavailable)
rElec    .         Reflect  +   (no cloak)
rCorr    .         Harm     .   (no gloves)
MR       +....     Clarity  +   h - +1 pair of boots
Stlth    ..........             y - +4 amulet of reflection
HPRegen  0.25/turn              z - ring of wizardry
MPRegen  0.17/turn              r - +5 ring of evasion

@: liquid flames, glowing, drained
A: antennae 3, hooves 1, clarity, foul stench 1, magic shield, rot immunity,
sturdy frame 1
a: Receive Corpses, Torment, Renounce Religion


You were on level 2 of the Orcish Mines.
You worshipped Kikubaaqudgha.
Kikubaaqudgha was extremely pleased with you.
You were not hungry.

You visited 3 branches of the dungeon, and saw 14 of its levels.

You collected 1577 gold pieces.
You spent 532 gold pieces at shops.

Inventory:

Hand Weapons
 a - a +1 war axe
 b - a +0 blowgun
 j - a +0 morningstar
 t - the +2 glaive "Undertaker" {elec, rElec rPois Dex-2}
   (You found it on level 7 of the Dungeon)

   Occasionally, upon striking a foe, it will discharge some electrical energy
   and cause terrible harm.
   It affects your dexterity (-2).
   It insulates you from electricity.
   It protects you from poison.
 u - a +0 hand axe of pain
 F - a +2 hand axe of venom (weapon)
 H - a +2 hand axe of chopping
 N - a +1 flail of protection
Missiles
 i - 246 stones
 m - 3 throwing nets
 n - 59 poisoned needles
 o - 18 tomahawks (quivered)
 v - 7 silver tomahawks
Armour
 c - a +1 shield (worn)
 h - a +1 pair of boots (worn)
 x - a +2 chain mail of magic resistance (worn)
 M - a +0 chain mail of poison resistance
 P - a +1 plate armour
Jewellery
 k - an uncursed ring of magical power
 r - a +5 ring of evasion (right hand)
 s - a +4 ring of evasion
 y - a +4 amulet of reflection (around neck)
 z - a ring of wizardry (left hand)
 A - an uncursed amulet of harm {unknown}
Wands
 d - a wand of digging (3)
 g - a wand of flame (16)
 p - a wand of enslavement (1)
 K - a wand of iceblast (4)
 Q - a wand of disintegration (16)
Scrolls
 l - a scroll of teleportation
 B - a scroll of summoning
 E - a scroll of immolation
 I - 3 scrolls of remove curse
 L - 2 scrolls of fear
 O - a scroll of fog
Potions
 e - a potion of flight
 q - a potion of magic
 D - a potion of lignification {unknown}
 J - 2 potions of invisibility {unknown}
Miscellaneous
 w - a sack of spiders
 G - a lamp of fire
Comestibles
 f - 16 rations
 C - 2 chunks of flesh


   Skills:
 + Level 7.3(6.5) Fighting
 * Level 9.9(9.1) Axes
 + Level 0.8(5.5) Maces & Flails
 * Level 7.0(6.3) Throwing
 * Level 8.0(7.2) Armour
 * Level 5.9(5.2) Dodging
 + Level 1.2(0.6) Stealth
 * Level 8.6(7.8) Shields
 * Level 5.4(4.7) Spellcasting
 * Level 6.5(5.8) Necromancy


You had 19 spell levels left.
You knew the following spells:

 Your Spells              Type           Power        Failure   Level  Hunger
a - Animate Skeleton      Necr           N/A          14%         1    None
b - Pain                  Necr           ###.         14%         1    None

Your spell library contained the following spells:

 Spells                   Type           Power        Failure   Level  Hunger
 Sublimation of Blood     Necr           ###.......   21%         2    ##.....
 Vampiric Draining        Necr           ###.......   38%         3    ###....
 Corona                   Hex            #......      80%         1    None
 Infusion                 Chrm           #...         80%         1    None
 Blink                    Tloc           N/A          89%         2    ##.....
 Ensorcelled Hibernation  Hex/Ice        #.....       89%         2    ##.....
 Shroud of Golubria       Chrm/Tloc      #.........   89%         2    ##.....
 Confuse                  Hex            #.......     98%         3    ###....
 Dazzling Spray           Conj/Hex       #.....       98%         3    ###....
 Gell's Gravitas          Tloc           #.........   98%         3    ###....
 Lesser Beckoning         Tloc           #.........   98%         3    ###....
 Teleport Other           Tloc           #.......     98%         3    ###....
 Tukima's Dance           Hex            #.......     98%         3    ###....
 Dispel Undead            Necr           ###.....     98%         5    ######.
 Cause Fear               Hex            #.........   100%        4    ####...
 Passage of Golubria      Tloc           N/A          100%        4    ####...
 Borgnjor's Vile Clutch   Necr/Erth      #.........   100%        5    ######.
 Excruciating Wounds      Chrm/Necr      #.........   100%        5    ######.
 Silence                  Hex/Air        #.........   100%        5    ######.
 Yara's Violent Unravell  Hex/Tmut       #.........   100%        5    ######.
 Death Channel            Necr           ###.......   100%        6    #######
 Deflect Missiles         Chrm/Air       #.........   100%        6    #######
 Simulacrum               Ice/Necr       #.........   100%        6    #######
 Discord                  Hex            #.........   100%        8    #######


Dungeon Overview and Level Annotations

Branches:
Dungeon (11/15)            Temple (0/1) D:6            Lair (1/6) D:11
    Orc (2/2) D:10            Elf (0/3) Orc:2

Altars:
Ashenzari
Cheibriados
Dithmenos
Fedhas
Gozag
Kikubaaqudgha
Nemelex Xobeh
Ru
Sif Muna
Trog
Yredelemnul

Shops:
D:9 :}!*   D:10 (**?   Orc:1 [

Annotations:
D:11 1 runed translucent door, sdfsdf's ghost, journeyman DDFi


Innate Abilities, Weirdness & Mutations

You have a pair of large antennae on your head. (SInv)
You may emit foul miasma when damaged in melee.
When hurt, damage is shared between your health and your magic reserves.
You are immune to rotting.
Your movements are slightly less encumbered by armour. (ER -2)
You have large cloven feet.
You possess an exceptional clarity of mind.


Message History

The smoke demon hits you but does no damage.
You block the smoke demon's attack. x2
The smoke demon hits you. You block the smoke demon's attack.
The smoke demon hits you but does no damage.
The orc sorcerer shouts, "Entram moth deg ulag!"
The orc sorcerer casts a spell at you. The bolt of fire hits you!
* * * LOW HITPOINT WARNING * * *
The smoke demon gestures at you. The sticky flame hits you.
You are covered in liquid flames!
* * * LOW HITPOINT WARNING * * *
Things that are here:
a +0 dagger of draining; a cursed +0 robe You are covered in liquid flames!
* * * LOW HITPOINT WARNING * * *
The smoke demon gestures at you. The ball of steam hits you!!
You die...
Kikubaaqudgha rasps: "You have failed me!
Welcome... death!"

########## ####
##...#..#.##...#.
##................
#..)@)o..)........
##..#§§...........
#####..3..........
##.##....†)........
#^......$..(...#..
##..##..............
#...#......#........
##.###.#.....(......
####.###...........


You could see a smoke demon and an orc sorcerer.

Vanquished Creatures
  A stone giant (Orc:1)
  Josephine (D:10)
  Erolcha (D:10)
  Harold (D:9)
  5 two-headed ogres
  An orc high priest (Orc:2)
  An unseen horror (D:11)
  A cyclops (Orc:2)
  An orc knight (Orc:2)
  An orc sorcerer (D:10)
  A manticore (D:11)
  2 centaur zombies (D:11)
  A gargoyle (D:8)
  A komodo dragon (Lair:1)
  2 trolls
  2 polar bears (D:10)
  4 hippogriffs
  Sigmund (D:3)
  2 shadows
  5 wraiths (D:10)
  16 yaks
  2 hungry ghosts
  2 wyverns
  3 wargs
  A water moccasin (D:6)
  A black bear (D:11)
  17 orc warriors
  4 ice beasts
  3 phantoms
  2 sky beasts (D:7)
  9 ogres
  3 centaurs
  3 crocodiles
  A big kobold (D:8)
  4 bullfrogs
  A wyvern zombie (D:8)
  3 scorpions
  A troll zombie (D:10)
  11 killer bees
  4 howler monkeys
  2 crimson imps
  4 hounds
  A gnoll shaman (D:8)
  13 orc priests
  24 orc wizards
  An iguana (D:3)
  8 worker ants
  A killer bee zombie (D:9)
  7 ogre zombies (D:10)
  A hound zombie (D:5)
  2 hound skeletons
  A howler monkey zombie (D:7)
  Robin (D:3)
  3 gnolls (D:8)
  13 adders
  2 shadow imps (D:9)
  3 oozes
  2 worms
  A dart slug (D:1)
  9 leopard geckos
  64 orcs
  2 giant cockroaches
  15 goblins
  11 hobgoblins
  9 jackals
  5 quokkas
  A ball python (D:4)
  10 bats
  5 frilled lizards
  A goblin skeleton (D:10)
  3 goblin zombies (D:10)
  A hobgoblin skeleton (D:10)
  2 hobgoblin zombies (D:10)
  9 kobolds
  A leopard gecko skeleton (D:9)
  An orc skeleton (D:10)
  16 orc zombies (D:10)
  6 rats
387 creatures vanquished.

Vanquished Creatures (collateral kills)
  A two-headed ogre (Orc:1)
  A cyclops (D:11)
  A troll (Orc:1)
  A hungry ghost (D:11)
  A water moccasin (D:11)
  3 orc warriors
  A sky beast (D:11)
  An ice beast (D:11)
  An ogre (Orc:1)
  4 orc priests
  A hound (D:11)
  3 orc wizards
  6 orcs
25 creatures vanquished.

Vanquished Creatures (others)
  An orc warrior (Orc:2)
  A centaur (D:10)
  An orc zombie (D:10)
  A fungus (Lair:1)
  2 withered plants (D:11)
6 creatures vanquished.

Grand Total: 418 creatures vanquished

Notes
Turn   | Place    | Note
-------+----------+-------------------------------------------
     0 | D:1      | beigtais the Demonspawn Fighter began the quest for the
                  | Orb.
     0 | D:1      | Reached XP level 1. HP: 18/18 MP: 1/1
   159 | D:1      | Gained mutation: You are immune to rotting. [demonic
                  | ancestry]
   159 | D:1      | Reached XP level 2. HP: 22/24 MP: 2/2
   509 | D:1      | Reached skill level 2 in Axes
   694 | D:1      | Gained mutation: Your movements are slightly less
                  | encumbered by armour. (ER -2) [demonic ancestry]
   694 | D:1      | Reached XP level 3. HP: 29/29 MP: 3/3
  1025 | D:2      | Found a sacrificial altar of Ru.
  1148 | D:2      | Found a blossoming altar of Fedhas.
  1800 | D:3      | Identified the +2 helmet of the Game of Kings {rF+++ MR+
                  | Int-2 Dex+3}
  1800 | D:3      | Noticed Robin
  1802 | D:3      | Noticed Sigmund
  2201 | D:3      | Found an opulent altar of Gozag.
  2297 | D:3      | Gained mutation: You may emit foul miasma when damaged in
                  | melee. [demonic ancestry]
  2297 | D:3      | Reached XP level 4. HP: 35/35 MP: 4/4
  2533 | D:3      | Killed Robin
  2648 | D:3      | Killed Sigmund
  2648 | D:3      | Reached skill level 3 in Axes
  2648 | D:3      | Reached skill level 1 in Throwing
  2648 | D:3      | Reached skill level 1 in Dodging
  2648 | D:3      | Gained mutation: You have a pair of small antennae on your
                  | head. [demonic ancestry]
  2648 | D:3      | Reached XP level 5. HP: 15/41 MP: 5/5
  2888 | D:3      | Gained mutation: You have a pair of antennae on your head.
                  | [demonic ancestry]
  2888 | D:3      | Reached XP level 6. HP: 38/47 MP: 6/6
  3643 | D:3      | Found a sparkling altar of Nemelex Xobeh.
  4052 | D:3      | Reached skill level 4 in Axes
  4226 | D:3      | Reached XP level 7. HP: 19/53 MP: 7/7
  4809 | D:4      | Gained mutation: You have large cloven feet. [potion of
                  | mutation]
  4809 | D:4      | Gained mutation: You possess an exceptional clarity of
                  | mind. [potion of mutation]
  4870 | D:4      | Found an ancient bone altar of Kikubaaqudgha.
  4873 | D:4      | Found a snail-covered altar of Cheibriados.
  4873 | D:4      | Found an opulent altar of Gozag.
  4876 | D:4      | Found a shadowy altar of Dithmenos.
  4909 | D:4      | Became a worshipper of Kikubaaqudgha
  5438 | D:5      | Entered Level 5 of the Dungeon
  6215 | D:6      | Reached skill level 5 in Axes
  6215 | D:6      | Gained mutation: When hurt, damage is shared between your
                  | health and your magic reserves. [demonic ancestry]
  6215 | D:6      | Reached XP level 8. HP: 33/60 MP: 8/8
  6480 | D:6      | Found a sparkling altar of Nemelex Xobeh.
  6635 | D:6      | Found a deep blue altar of Sif Muna.
  6843 | D:6      | Identified Sif Muna's Tome of Enhancements
  6859 | D:6      | Reached skill level 1 in Necromancy
  7117 | D:6      | Found a staircase to the Ecumenical Temple.
  7132 | D:6      | Reached skill level 1 in Spellcasting
  7641 | D:7      | Reached * piety under Kikubaaqudgha
  7641 | D:7      | Identified Kikubaaqudgha's Guide on Evil (Kikubaaqudgha
                  | gifted it to you on level 7 of the Dungeon)
  7641 | D:7      | Received a gift from Kikubaaqudgha
  7656 | D:7      | Learned a level 1 spell: Animate Skeleton
  7833 | D:7      | Reached skill level 5 in Armour
  7856 | D:7      | Noticed a hippogriff
  7871 | D:7      | Killed a hippogriff
  7871 | D:7      | Reached skill level 6 in Axes
  7871 | D:7      | Reached XP level 9. HP: 64/66 MP: 11/11
  8332 | D:7      | Got an encrusted glaive
  8881 | D:7      | Reached skill level 5 in Shields
  9220 | D:7      | Reached skill level 5 in Fighting
 10069 | D:8      | Noticed a gargoyle
 10072 | D:8      | Identified the +2 glaive "Undertaker" {elec, rElec rPois
                  | Dex-2} (You found it on level 7 of the Dungeon)
 10082 | D:8      | Killed a gargoyle
 10832 | D:9      | Reached ** piety under Kikubaaqudgha
 11137 | D:9      | Reached skill level 7 in Axes
 11137 | D:9      | Gained mutation: You have a pair of large antennae on your
                  | head. (SInv) [demonic ancestry]
 11137 | D:9      | Reached XP level 10. HP: 62/74 MP: 11/14
 11447 | D:9      | Got a creamy pearl robe
 11645 | D:9      | Reached skill level 5 in Throwing
 11840 | D:9      | Found Axtiogg's Distillery.
 11846 | D:9      | Bought a potion of might for 60 gold pieces
 11846 | D:9      | Bought a potion of heal wounds for 75 gold pieces
 11846 | D:9      | Bought a potion of heal wounds for 75 gold pieces
 11869 | D:9      | Found Efixurph's Gadget Shoppe.
 11872 | D:9      | Bought a wand of iceblast (8) for 132 gold pieces
 11916 | D:9      | Noticed Harold
 11926 | D:9      | Killed Harold
 11984 | D:9      | Found Qogruimn's Book Shop.
 12075 | D:9      | Found a shattered altar of Ashenzari.
 12079 | D:9      | Found Saiddipi's General Store.
 12085 | D:9      | Bought a scroll of teleportation for 48 gold pieces
 12273 | D:9      | Learned a level 1 spell: Pain
 12378 | D:9      | Found a basalt altar of Yredelemnul.
 12378 | D:9      | Found a bloodstained altar of Trog.
 12541 | D:10     | Entered Level 10 of the Dungeon
 12541 | D:10     | Noticed Josephine
 12542 | D:10     | Upgraded the game from 0.23.2 to 0.23.2-1-ga50397a
 12646 | D:10     | Found Sutzeac's Antique Weapon Shoppe.
 12648 | D:10     | Noticed an orc sorcerer
 12909 | D:10     | Noticed a two-headed ogre
 12909 | D:10     | Noticed a two-headed ogre
 12961 | D:9      | Killed a two-headed ogre
 12961 | D:9      | Reached skill level 8 in Axes
 13083 | D:10     | Killed a two-headed ogre
 13083 | D:10     | Reached XP level 11. HP: 33/81 MP: 5/16
 13415 | D:10     | Found a bloodstained altar of Trog.
 13581 | D:10     | Found Nauxuplu's Magic Scroll Boutique.
 13589 | D:10     | Bought a scroll of fear for 38 gold pieces
 13589 | D:10     | Bought a scroll of summoning for 104 gold pieces
 13639 | D:10     | Reached *** piety under Kikubaaqudgha
 13639 | D:10     | Identified Kikubaaqudgha's Guide on Sinister Rituals
                  | (Kikubaaqudgha gifted it to you on level 10 of the Dungeon)
 13639 | D:10     | Received a gift from Kikubaaqudgha
 13752 | D:10     | Noticed a two-headed ogre
 13772 | D:10     | Killed a two-headed ogre
 14302 | D:10     | Killed Josephine
 14834 | D:10     | Found Dumneitt's Assorted Antiques.
 14880 | D:10     | Found Kumos's Assorted Antiques.
 14946 | D:10     | Found a staircase to the Orcish Mines.
 14968 | D:10     | Killed an orc sorcerer
 14975 | D:10     | Noticed Erolcha
 14984 | D:10     | Killed Erolcha
 15384 | D:10     | Reached **** piety under Kikubaaqudgha
 15471 | D:11     | Reached skill level 5 in Dodging
 15471 | D:11     | Reached skill level 5 in Necromancy
 15542 | D:11     | Reached skill level 9 in Axes
 15677 | D:11     | Found a runed translucent door.
 15677 | D:11     | Noticed sdfsdf's ghost (journeyman DDFi)
 15807 | D:11     | Found a staircase to the Lair.
 15920 | D:11     | Noticed an unseen horror
 16686 | D:11     | Reached XP level 12. HP: 84/91 MP: 16/18
 16951 | Lair:1   | Entered Level 1 of the Lair of Beasts
 17278 | D:4      | Identified the +1 robe of Intuition {-Cast rPois rC+++
                  | Dex-4} (You found it on level 9 of the Dungeon)
 18241 | Orc:1    | Entered Level 1 of the Orcish Mines
 18280 | D:10     | Reached skill level 1 in Stealth
 18494 | Orc:1    | Found Hysmik Lut's Armour Shop.
 18607 | Orc:1    | Noticed a two-headed ogre
 18621 | Orc:1    | Killed a two-headed ogre
 18631 | Orc:1    | Reached ***** piety under Kikubaaqudgha
 18762 | Orc:1    | Noticed a stone giant
 18785 | Orc:1    | Killed a stone giant
 18785 | Orc:1    | Reached skill level 5 in Spellcasting
 19388 | Orc:2    | Entered Level 2 of the Orcish Mines
 19544 | Orc:2    | Noticed a two-headed ogre
 19567 | Orc:2    | Killed a two-headed ogre
 19796 | Orc:2    | Found a staircase to the Elven Halls.
 20411 | Orc:1    | Noticed a two-headed ogre
 20432 | Orc:1    | Killed a two-headed ogre
 20923 | Orc:2    | Noticed an orc high priest
 20930 | Orc:2    | Noticed an orc high priest
 20945 | Orc:2    | Killed an orc high priest
 21315 | Orc:2    | Killed from afar by a smoke demon

Skill      XL: |  1  2  3  4  5  6  7  8  9 10 11 12 |
---------------+-------------------------------------+-----
Armour         | 3 4 5 6 7 8 |  8.0
Axes           | 2 3 4 5 6 7 8 9 |  9.9
Shields        | 3 4 5 6 7 8 |  8.6
Throwing       | 1 2 3 4 5 6 7 |  7.0
Dodging        | 1 2 3 4 5 |  5.9
Fighting       | 4 5 7 |  7.3
Necromancy     | 2 3 4 5 6 |  6.5
Spellcasting   | 1 2 3 4 5 |  5.4
Stealth        | 1 |  1.2
Maces & Flails | |  0.8

Action                   |  1- 3 |  4- 6 |  7- 9 | 10-12 || total
-------------------------+-------+-------+-------+-------++-------
Melee: War axe           |   135 |   124 |   233 |   397 ||   889
       Kick              |       |       |   147 |    77 ||   224
       Hand axe          |       |       |   251 |   615 ||   866
       Morningstar       |       |       |       |    25 ||    25
 Fire: Blowgun           |       |    18 |    26 |     3 ||    47
Throw: Stone             |    13 |     3 |       |     6 ||    22
       Tomahawk          |       |       |   103 |    76 ||   179
 Cast: Animate Skeleton  |       |       |       |    53 ||    53
       Pain              |       |       |       |     3 ||     3
Evoke: Wand              |       |       |       |    12 ||    12
  Use: Potion            |     4 |     3 |     6 |     4 ||    17
       Scroll            |     6 |     1 |    12 |     9 ||    28
 Stab: Distracted        |       |       |       |     3 ||     3
  Eat: Chunk             |     5 |     4 |    13 |    28 ||    50
       Ration            |       |     1 |     3 |     2 ||     6
Armor: Scale mail        |    86 |       |       |       ||    86
       Chain mail        |       |    85 |    60 |    19 ||   164
       Plate armour      |       |       |   108 |   254 ||   362
Dodge: Dodged            |    35 |    45 |   161 |   361 ||   602
Block: Shield            |    73 |    87 |   312 |   795 ||  1267
       Reflection        |       |       |     8 |    10 ||    18
